Map: Prion Terraces

Players

TOT

  • Race: Zerg Zerg

LiquidSnute (Snute) - Winner!

  • Race: Zerg Zerg

Event: NationWars III

VOD

Have the link to the VOD?

Description

Time

  • Played on: Dec. 4, 2015, 12:56 p.m.
  • Length: 7:39
Show
View Real Time Build Order
Export as new Build Order

TOT Zerg 

Build Orders: Pool First, Zergling Baneling 

Get SALT Encoding   

  12  0:01  Drone  
  13  0:08  Drone  
  14  0:16  Extractor  
  13  0:29  Spawning Pool  
  13  0:33  Drone  
  13  0:35  Drone  
  14  0:44  Extractor  
  14  0:45  Drone  
  15  0:52  Overlord  
  15  1:15  Zergling x2  
  15  1:16  Zergling x2  
  15  1:17  Zergling x2  
  15  1:18  Metabolic Boost  
  18  1:26  Queen  
  18  1:31  Zergling x2  
  21  1:38  Zergling x2  
  22  1:45  Baneling Nest  
  21  1:51  Overlord  
  21  1:59  Zergling x2  
  22  2:16  Zergling x2  
  23  2:30  Baneling x2  
  23  2:31  Baneling x2  
  23  2:33  Zergling x4  
  23  2:36  Zergling x6  
  27  2:46  Zergling x2  
  27  2:50  Baneling  
  24  3:07  Zergling x4  
  24  3:08  Zergling x4  
  27  3:26  Drone x2  
  28  3:29  Baneling x2  
  30  3:39  Overlord  
  29  3:54  Hatchery  
  26  4:01  Drone x2  
  26  4:02  Drone x3  
  31  4:14  Drone  
  32  4:25  Queen  
  33  4:32  Baneling x2  
  33  4:35  Drone x2  
  35  4:39  Overlord  
  35  4:41  Drone  
  35  4:44  Drone  
  37  4:55  Drone  
  38  5:10  Drone x2  
  38  5:11  Drone  
  41  5:15  Extractor  
  41  5:16  Roach Warren  
  41  5:18  Overlord x2  
  39  5:22  Drone x2  
  39  5:36  Overlord x2  
  39  6:00  Roach x5  
  39  6:01  Roach x3  
  55  6:08  Roach x2  
  59  6:16  Roach  
  61  6:23  Roach x3  
  61  6:24  Roach, Zergling x4  
  71  6:31  Zergling x2  
  72  6:36  Baneling x3  
  72  6:38  Zergling x4  
  73  6:50  Zergling x4  
  75  6:55  Zergling x2  
  74  7:07  Zergling x6  
  71  7:16  Zergling x2  
  71  7:17  Zergling x6  
Show
View Real Time Build Order
Export as new Build Order

LiquidSnute Zerg - Winner!

Build Orders: Pool First 

Get SALT Encoding   

  12  0:01  Drone  
  13  0:12  Overlord  
  13  0:17  Drone  
  14  0:30  Drone x2  
  14  0:34  Drone  
  17  0:38  Extractor  
  16  0:45  Drone  
  17  0:50  Spawning Pool  
  17  0:55  Drone  
  17  1:07  Drone  
  18  1:20  Hatchery  
  17  1:37  Queen  
  17  1:38  Zergling x2  
  20  1:41  Metabolic Boost  
  20  1:45  Zergling x2  
  21  1:51  Zergling x2  
  22  1:59  Baneling Nest  
  22  2:01  Zergling x2  
  22  2:06  Overlord  
  23  2:09  Spine Crawler  
  23  2:13  Spore Crawler, Extractor  
  20  2:17  Queen  
  24  2:32  Zergling x2  
  24  2:36  Zergling x4  
  27  2:42  Baneling  
  27  2:43  Baneling x2  
  26  2:45  Baneling  
  26  2:53  Baneling  
  25  3:11  Queen  
  25  3:12  Overlord, Drone x2  
  28  3:25  Drone  
  29  3:32  Baneling x2  
  29  3:43  Drone x3  
  32  3:51  Drone x3  
  35  4:09  Hatchery, Overlord  
  34  4:10  Drone  
  34  4:12  Extractor  
  34  4:21  Drone  
  34  4:22  Roach Warren  
  34  4:31  Drone  
  34  4:32  Drone x2  
  37  4:44  Drone  
  38  4:49  Drone x3  
  41  4:56  Overlord  
  41  5:07  Drone  
  42  5:15  Drone  
  42  5:21  Drone x3  
  45  5:25  Drone  
  47  5:38  Drone x2  
  47  5:39  Hatchery  
  48  5:45  Roach x2  
  48  5:46  Roach  
  48  5:47  Roach x2  
  58  5:56  Roach  
  60  6:01  Overlord  
  60  6:04  Overlord  
  60  6:11  Overlord  
  59  6:21  Roach x4  
  59  6:22  Overlord  
  59  6:23  Ravager x4  
  59  6:25  Roach x2  
  75  6:32  Roach x2  
  81  6:33  Roach x2  
  81  6:39  Overlord x2  
  82  6:43  Roach  
  82  6:44  Roach  
  86  6:49  Roach x2  
  86  6:52  Overlord  
  90  7:07  Roach  
  90  7:08  Roach x5  
  100  7:16  Roach  
  100  7:17  Roach  
Tags
 
Add a new tag
Caveats
  • Supply blocks, unpowered buildings, or Contaminate may cause inaccurate times.
  • Supply counts are checked every 10 seconds.